 Dungeon Crawl Stone Soup version 0.29-a0-275-g389c0b56f3 (webtiles) character file.

Game seed: 5603967776805107711

46 PaleWalker the Skirmisher (level 3, -7/29 HPs)
             Began as a Demonspawn Abyssal Knight on Mar 10, 2022.
             Was a Believer of Lugonu.
             Mangled by an orc
             ... wielding a +0 flail
              (8 damage)
             ... on level 2 of the Dungeon.
             The game lasted 00:03:59 (1253 turns).

PaleWalker the Skirmisher (DsAK)                    Turns: 1253, Time: 00:04:00

Health: -7/29      AC:  5    Str: 15    XL:     3   Next: 44%
Magic:  4/4        EV: 10    Int: 11    God:    Lugonu [**....]
Gold:   63         SH:  0    Dex: 13    Spells: 2/2 levels left

rFire   . . .      SeeInvis .   a - +1 mace
rCold   . . .      Faith    .   (no shield)
rNeg    . . .      Spirit   .   g - +0 ring mail
rPois   .          Reflect  .   (no helmet)
rElec   .          Harm     .   (no cloak)
rCorr   .          Rampage  .   (no gloves)
Will    .....                   (no boots)
Stlth   +.........              (no amulet)
HPRegen 0.09/turn               (no ring)
MPRegen 0.09/turn               (no ring)

@: no status effects
A: demonic magic 1
a: Renounce Religion, Depart the Abyss, Bend Space


You were on level 2 of the Dungeon.
You worshipped Lugonu.
Lugonu was pleased with you.
You visited 1 branch of the dungeon, and saw 2 of its levels.
You visited the Abyss 1 time.

You collected 63 gold pieces.

Inventory:

Hand Weapons
 a - a +1 mace (weapon)
Armour
 b - a +0 leather armour
 g - a +0 ring mail (worn)
Scrolls
 e - 3 scrolls of identify {unknown}
 f - a scroll of teleportation {unknown}
 j - a scroll of blinking {unknown}
 k - a scroll of summoning {unknown}
Potions
 c - a potion of mutation {unknown}
 d - a potion of attraction {unknown}
 h - a potion of invisibility {unknown}
 i - a potion of curing {unknown}
 l - a potion of brilliance {unknown}
 m - a potion of haste {unknown}


   Skills:
 + Level 3.5 Fighting
 * Level 3.1 Maces & Flails
 - Level 1.7 Armour
 - Level 0.8 Dodging
 - Level 2.4 Invocations


You had 2 spell levels left.
You didn't know any spells.
Your spell library was empty.

Dungeon Overview and Level Annotations

Branches:
Dungeon (2/15)

Altars:


Innate Abilities, Weirdness & Mutations

Spells you cast may paralyse adjacent enemies.


Message History

The adder completely misses you. The kobold attacks as you move away!
The kobold misses you.
You feel sick. The kobold attacks as you move away!
The kobold hits you with a +0 short sword.
The adder attacks as you move away! The adder barely misses you.
You feel sick.
You feel sick. The adder bites you but does no damage.
You closely miss the adder.
The adder is heavily wounded.
You feel sick. The adder bites you but does no damage.
You hit the adder.
The adder is heavily wounded.
You feel sick.
You are no longer poisoned.
The adder misses you. The adder barely misses you.
You miss the adder.
The adder is heavily wounded.
The adder bites you but does no damage. The adder bites you.
You thump the adder!
You kill the adder!
Lugonu accepts your kill.
Your Maces & Flails skill increases to level 3!
You sock the goblin!
You kill the goblin!
Lugonu accepts your kill.
You hit the kobold but do no damage. The kobold barely misses you.
You hit the kobold but do no damage.
The kobold hits you but does no damage. x2
You barely miss the kobold. The kobold barely misses you.
You sock the kobold!
You kill the kobold!
Lugonu accepts your kill.
You hit the orc.
The orc is lightly wounded.
The orc barely misses you. The orc hits you with a +0 flail!
You barely miss the orc. The orc hits you with a +0 flail.
* * * LOW HITPOINT WARNING * * *
You hit the orc but do no damage. The orc hits you with a +0 flail!
* * * LOW HITPOINT WARNING * * *
The orc attacks as you move away! The orc hits you but does no damage.
The orc attacks as you move away! The orc hits you with a +0 flail!
You die...

#....... #########
#....... ........#
#....... ........#
#.....#
........####.....##
........##........#
........##(.......#
........##........#
........##@#.....##
........)o.#....##
........###..##.#
........# #.###.#
###########.###.##
# # ##...##...##
#..
####....<.....##
....
..............#
......<.#
#............#


You could see an orc.

Vanquished Creatures
  An adder (D:2)
  A dart slug (D:1)
  2 ball pythons (D:1)
  7 bats (D:1)
  2 endoplasms (D:1)
  2 giant cockroaches (D:1)
  2 goblins
  3 hobgoblins
  4 kobolds
  A quokka (D:1)
  3 frilled lizards
  4 rats (D:1)
32 creatures vanquished.

Notes
Turn   | Place    | Note
-------+----------+-------------------------------------------
     0 | Abyss:1  | PaleWalker the Demonspawn Abyssal Knight began the quest
                  | for the Orb.
     0 | Abyss:1  | Reached XP level 1. HP: 18/18 MP: 2/2
    75 | Abyss:1  | Noticed a rakshasa
    76 | D:1      | Escaped the Abyss
   452 | D:1      | Gained mutation: Spells you cast may paralyse adjacent
                  | enemies. [demonic ancestry]
   452 | D:1      | Reached XP level 2. HP: 24/24 MP: 3/3
   932 | D:1      | Reached XP level 3. HP: 28/29 MP: 4/4
  1251 | D:2      | HP: 1/29 [orc/+0 flail (8)]
  1253 | D:2      | Mangled by an orc

Illustrated notes

Levels and vault maps discovered:
D:1:      roderic_dead_forest, layout_loops_ring, roderic_serpentine_path,
          minmay_heptomino_h4
D:2:      layout_rooms

Skill      XL: |  1  2  3 |
---------------+----------+-----
Maces & Flails | 2 3 |  3.1
Fighting       | |  3.5
Armour         | |  1.7
Dodging        | |  0.8
Invocations    | |  2.4

Action                   || total
-------------------------++-------
Melee: Mace              ||    77
Invok: Depart the Abyss  ||     1
Armor: Leather armour    ||     5
       Ring mail         ||    27
Dodge: Dodged            ||    51

Table legend: (Time is in decaauts)
 A = Elapsed time spent in this place.
 B = Non-inter-level travel time spent in this place.
 C = Inter-level travel time spent in this place.
 D = Time resting spent in this place.
 E = Time spent auto-exploring this place.
 F = Levels seen in this place.
 G = Mean time per level.
                   A        B        C        D        E       F      G
               +--------+--------+--------+--------+--------+-----+--------+
         Total |   1274 |   1253 |     21 |      0 |   1020 |   3 |  424.7 |
       Dungeon |   1197 |   1176 |     21 |      0 |    947 |   2 |  598.5 |
         Abyss |     77 |     77 |      0 |      0 |     73 |   1 |   77.0 |
               +--------+--------+--------+--------+--------+-----+--------+

Top non-repeatable levels by time:
     D:1: 1071 daAuts
     D:2: 126 daAuts
 Abyss:1: 77 daAuts
